Map: Oxide LE

Players

Vanya

  • Race: Zerg Zerg

SKillous - Winner!

  • Race: Protoss Protoss

Event: DreamHack SC2 Masters 2021 Fall

VOD

Have the link to the VOD?

Description

Time

  • Played on: Aug. 12, 2021, 11:23 a.m.
  • Length: 17:33

All games in this series

Show
View Real Time Build Order
Export as new Build Order

Vanya Zerg 

Build Orders: Pool First 

Get SALT Encoding   

  12  0:00  Drone  
  13  0:12  Overlord  
  13  0:16  Drone  
  14  0:31  Drone x2  
  16  0:41  Spawning Pool  
  15  0:45  Drone  
  16  1:07  Hatchery  
  16  1:10  Drone  
  16  1:14  Drone  
  17  1:28  Zergling x4  
  20  1:32  Zergling x2  
  20  1:34  Queen  
  22  1:52  Evolution Chamber  
  22  1:57  Hatchery  
  22  1:59  Overlord  
  22  2:03  Extractor  
  22  2:06  Drone  
  22  2:12  Hatchery  
  21  2:16  Drone  
  21  2:19  Drone  
  22  2:32  Queen  
  22  2:36  Drone  
  25  2:39  Drone  
  25  2:46  Drone  
  25  2:47  Drone  
  27  2:52  Drone  
  27  3:02  Hatchery  
  27  3:05  Metabolic Boost  
  27  3:11  Queen  
  28  3:16  Drone  
  28  3:19  Drone  
  30  3:22  Zergling x2  
  30  3:23  Zergling x2  
  32  3:29  Zergling x4  
  34  3:35  Overlord  
  34  3:38  Drone x2  
  36  3:45  Overlord  
  36  3:56  Drone x3, Overlord  
  36  3:58  Queen  
  36  4:01  Drone  
  42  4:07  Drone x3  
  45  4:16  Queen  
  47  4:24  Drone x5  
  47  4:28  Drone  
  50  4:37  Drone x4  
  53  4:43  Overlord  
  53  4:45  Drone  
  54  4:49  Lair  
  54  4:53  Queen  
  54  4:57  Drone x2  
  54  4:59  Spore Crawler  
  57  5:02  Drone x3  
  59  5:11  Spore Crawler  
  59  5:13  Drone  
  53  5:14  Drone  
  53  5:17  Zergling x12  
  53  5:20  Drone  
  62  5:25  Drone x2  
  62  5:27  Extractor  
  62  5:28  Extractor  
  62  5:29  Extractor, Drone  
  62  5:31  Drone  
  62  5:32  Drone x3  
  62  5:35  Drone  
  66  5:39  Overlord x2  
  66  5:47  Extractor x2  
  66  5:48  Drone x2  
  65  5:54  Spire  
  65  5:55  Drone x4  
  65  5:59  Drone x3  
  65  6:04  Drone x3  
  71  6:06  Drone  
  71  6:07  Drone  
  71  6:10  Drone  
  74  6:13  Drone x3  
  74  6:14  Drone  
  78  6:22  Drone x2  
  78  6:24  Drone  
  81  6:31  Overlord  
  81  6:32  Hatchery  
  80  6:33  Overlord  
  80  6:40  Overlord x2  
  80  6:43  Drone x2  
  80  6:44  Drone  
  80  6:45  Drone  
  79  6:57  Drone x7  
  79  7:00  Queen  
  90  7:03  Drone x3  
  90  7:04  Drone  
  90  7:06  Extractor  
  91  7:09  Zerg Flyer Weapons Level 1  
  91  7:10  Drone x4  
  91  7:14  Corruptor x2  
  99  7:17  Corruptor  
  99  7:20  Extractor  
  100  7:26  Corruptor x2  
  102  7:30  Corruptor x2  
  102  7:33  Corruptor  
  106  7:38  Hatchery, Overlord  
  106  7:42  Hatchery  
  104  7:47  Corruptor x2  
  104  7:49  Corruptor  
  110  7:52  Corruptor  
  110  7:53  Drone  
  110  7:55  Overlord  
  113  8:03  Corruptor  
  113  8:04  Corruptor x2  
  114  8:06  Drone x2  
  114  8:12  Corruptor x2  
  117  8:14  Drone x2  
  121  8:23  Corruptor x2  
  121  8:25  Overlord  
  125  8:29  Corruptor x2  
  129  8:36  Drone  
  129  8:37  Overlord  
  130  8:42  Overlord  
  130  8:44  Overlord x2  
  130  8:45  Corruptor x2  
  134  8:53  Corruptor x2  
  134  8:55  Overlord  
  138  9:01  Corruptor x2  
  140  9:08  Infestation Pit  
  139  9:11  Corruptor x2  
  143  9:17  Drone x2  
  143  9:21  Overlord  
  145  9:25  Hatchery  
  145  9:27  Zerg Flyer Weapons Level 2  
  145  9:29  Corruptor  
  144  9:40  Zergling x26  
  144  9:44  Hive  
  149  9:51  Corruptor x3  
  147  10:00  Corruptor x3  
  149  10:09  Corruptor x2  
  149  10:12  Drone  
  149  10:13  Drone  
  154  10:15  Evolution Chamber  
  154  10:17  Corruptor x2  
  154  10:19  Evolution Chamber  
  156  10:27  Drone  
  157  10:29  Baneling Nest, Overlord  
  157  10:34  Overlord  
  156  10:36  Zergling x28  
  170  10:47  Zerg Melee Weapons Level 1  
  170  10:48  Zerg Ground Armor Level 1, Drone  
  167  10:56  Ultralisk Cavern, Adrenal Glands  
  166  10:57  Viper  
  166  11:02  Drone x8  
  177  11:14  Centrifical Hooks  
  177  11:17  Zergling x28  
  189  11:30  Overlord  
  189  11:31  Zergling x18  
  189  11:32  Zergling x2  
  199  11:34  Baneling x16  
  199  11:40  Overlord  
  199  11:44  Chitinous Plating  
  199  11:48  Extractor  
  199  11:49  Extractor, Zerg Flyer Armor Level 1  
  199  11:51  Viper  
  200  11:54  Spine Crawler x2  
  200  11:56  Spine Crawler  
  200  11:59  Drone x3, Corruptor  
  200  12:01  Corruptor  
  198  12:13  Drone x3  
  198  12:14  Spine Crawler  
  197  12:15  Drone  
  197  12:16  Spine Crawler x2  
  197  12:18  Spine Crawler  
  197  12:19  Zergling x10  
  198  12:27  Drone x2  
  198  12:28  Ultralisk  
  194  12:30  Drone x2  
  194  12:31  Drone x2  
  194  12:35  Ultralisk  
  198  12:42  Zerg Melee Weapons Level 2  
  198  12:43  Zerg Ground Armor Level 2  
  198  12:44  Spine Crawler  
  197  12:53  Corruptor  
  199  13:03  Anabolic Synthesis  
  184  13:15  Ultralisk x2  
  184  13:17  Spore Crawler  
  191  13:20  Spire  
  191  13:21  Baneling x9  
  191  13:22  Baneling x3  
  191  13:25  Corruptor, Ultralisk  
  194  13:33  Zergling x12  
  200  13:35  Overseer x2  
  185  13:53  Ultralisk x2  
  196  13:55  Ultralisk  
  196  13:58  Zergling x6  
  199  14:08  Zerg Flyer Armor Level 2  
  199  14:15  Hatchery  
  182  14:18  Ultralisk x2  
  182  14:22  Ultralisk  
  198  14:35  Zergling x4  
  184  14:45  Corruptor x4  
  184  14:46  Corruptor x2  
  171  14:56  Corruptor x3  
  159  15:02  Zergling x26  
  145  15:08  Corruptor  
  145  15:19  Drone x3  
  145  15:20  Drone  
  143  15:25  Drone  
  142  15:28  Viper x2  
  142  15:29  Corruptor  
  142  15:31  Corruptor  
  142  15:34  Drone x4  
  152  15:49  Corruptor x3  
  143  15:56  Zergling x18  
  150  16:02  Ultralisk  
  140  16:11  Corruptor x2  
  140  16:16  Corruptor x2  
  148  16:21  Drone x5  
  148  16:25  Drone  
  148  16:28  Drone x3  
  152  16:37  Corruptor x3  
  143  16:48  Zergling x20  
Show
View Real Time Build Order
Export as new Build Order

SKillous Protoss - Winner!

Build Orders:  

Get SALT Encoding   

  12  0:00  Probe  
  13  0:12  Probe  
  14  0:19  Pylon  
  14  0:24  Probe (Chrono Boost)  
  15  0:37  Probe (Chrono Boost)  
  15  0:38  Gateway  
  16  0:45  Probe (Chrono Boost)  
  16  0:47  Assimilator  
  17  0:51  Probe  
  18  1:04  Probe  
  19  1:14  Pylon  
  19  1:16  Probe  
  20  1:23  Zealot (Chrono Boost)  
  22  1:26  Cybernetics Core  
  22  1:28  Probe  
  23  1:36  Pylon  
  23  1:40  Probe  
  24  1:52  Probe  
  25  2:02  Adept (Chrono Boost)  
  27  2:18  Nexus  
  27  2:20  Probe  
  27  2:34  Pylon  
  27  2:40  Assimilator  
  27  2:49  Stargate  
  26  2:52  Probe  
  27  3:04  Probe  
  28  3:07  Warp Gate  
  28  3:08  Adept  
  30  3:16  Gateway, Probe (Chrono Boost)  
  31  3:25  Void Ray (Chrono Boost)  
  31  3:30  Probe (Chrono Boost)  
  31  3:32  Probe (Chrono Boost)  
  37  3:36  Probe  
  38  3:42  Probe  
  39  3:48  Probe  
  39  3:50  Pylon  
  39  3:54  Probe  
  41  4:01  Probe  
  42  4:03  Oracle  
  42  4:06  Probe (Chrono Boost)  
  46  4:15  Assimilator  
  46  4:16  Assimilator  
  47  4:17  Pylon, Probe (Chrono Boost)  
  47  4:18  Probe (Chrono Boost)  
  48  4:28  Probe x2 (Chrono Boost)  
  46  4:36  Pylon  
  46  4:37  Stargate  
  46  4:38  Probe (Chrono Boost)  
  48  4:43  Probe (Chrono Boost)  
  48  4:44  Void Ray  
  48  4:47  Probe (Chrono Boost)  
  48  4:50  Probe (Chrono Boost)  
  48  4:52  Probe  
  54  4:58  Zealot x2  
  59  5:01  Probe  
  59  5:04  Probe  
  61  5:13  Probe  
  62  5:16  Probe  
  62  5:19  Nexus  
  62  5:20  Void Ray  
  63  5:23  Pylon  
  67  5:35  Void Ray  
  67  5:41  Pylon, Probe  
  67  5:42  Probe  
  73  5:45  Protoss Air Weapons Level 1  
  73  5:53  Shield Battery, Probe  
  74  5:57  Void Ray  
  74  5:59  Robotics Facility, Probe  
  79  6:05  Probe  
  79  6:11  Probe  
  81  6:12  Void Ray  
  81  6:18  Forge, Probe  
  86  6:19  Pylon  
  86  6:28  Assimilator  
  86  6:31  Assimilator  
  87  6:34  Probe x2 (Chrono Boost)  
  87  6:36  Probe (Chrono Boost)  
  89  6:40  Void Ray  
  89  6:46  Probe (Chrono Boost)  
  96  6:48  Probe x2 (Chrono Boost)  
  96  6:50  Probe (Chrono Boost)  
  97  6:54  Pylon  
  97  6:55  Probe  
  97  6:58  Fleet Beacon  
  97  6:59  Stargate  
  97  7:00  Probe  
  99  7:03  Pylon  
  99  7:05  Probe  
  99  7:07  Probe  
  101  7:10  Pylon  
  101  7:12  Pylon, Probe  
  102  7:17  Shield Battery  
  102  7:19  Void Ray (Chrono Boost)  
  102  7:21  Shield Battery  
  102  7:26  Void Ray (Chrono Boost)  
  106  7:33  Probe  
  106  7:36  Void Ray (Chrono Boost)  
  107  7:45  Flux Vanes  
  107  7:47  Photon Cannon  
  107  7:48  Photon Cannon  
  107  7:49  Photon Cannon  
  111  7:53  Void Ray (Chrono Boost)  
  111  7:55  Twilight Council  
  111  7:58  Void Ray (Chrono Boost)  
  115  8:07  Void Ray (Chrono Boost)  
  115  8:17  Protoss Air Weapons Level 2 (Chrono Boost)  
  115  8:19  Photon Cannon  
  119  8:20  Void Ray (Chrono Boost), Probe x2  
  119  8:21  Photon Cannon  
  121  8:29  Charge (Chrono Boost)  
  122  8:39  Protoss Ground Weapons Level 1  
  122  8:40  Void Ray (Chrono Boost)  
  122  8:44  Nexus  
  122  8:45  Pylon  
  127  8:48  Probe x2  
  127  8:50  Void Ray (Chrono Boost)  
  128  9:06  Shield Battery  
  128  9:08  Photon Cannon  
  128  9:09  Void Ray (Chrono Boost)  
  132  9:10  Photon Cannon  
  132  9:12  Photon Cannon  
  132  9:13  Pylon  
  132  9:15  Gateway  
  132  9:18  Shield Battery, Probe x3  
  132  9:22  Gateway  
  135  9:29  Assimilator  
  135  9:30  Assimilator  
  135  9:31  Templar Archives  
  135  9:32  Void Ray  
  135  9:36  Void Ray  
  135  9:47  Photon Cannon  
  131  9:53  Void Ray  
  135  10:04  Stalker x2  
  135  10:05  Probe x3  
  135  10:07  Probe  
  135  10:09  Gateway  
  135  10:10  Void Ray  
  133  10:16  Zealot  
  139  10:23  Gateway  
  139  10:24  Gateway  
  139  10:25  High Templar  
  139  10:27  High Templar  
  143  10:34  Gateway, Archon  
  143  10:35  Gateway  
  143  10:37  Gateway  
  151  10:50  Nexus  
  151  10:52  High Templar x2, Warp Prism (Chrono Boost)  
  149  10:58  Archon  
  149  10:59  Protoss Ground Weapons Level 2 (Chrono Boost)  
  149  11:02  Zealot x2  
  153  11:08  Protoss Air Weapons Level 3 (Chrono Boost)  
  153  11:17  High Templar  
  153  11:18  High Templar  
  157  11:22  Archon  
  157  11:26  Pylon  
  157  11:27  Pylon  
  157  11:29  Pylon  
  157  11:30  Observer  
  154  11:42  Nexus  
  154  11:44  Pylon  
  154  11:46  Psionic Storm  
  149  12:03  Zealot x8  
  165  12:10  Carrier  
  165  12:13  Zealot x2  
  169  12:18  Carrier  
  173  12:26  High Templar x3  
  173  12:28  High Templar  
  165  12:39  Shield Battery  
  165  12:40  Shield Battery  
  165  12:43  Photon Cannon  
  161  12:44  Photon Cannon  
  161  12:45  Photon Cannon  
  161  12:46  Photon Cannon  
  161  12:49  High Templar  
  161  12:50  Assimilator  
  163  12:54  Assimilator, Pylon  
  163  12:55  Carrier (Chrono Boost)  
  169  13:03  Zealot x3  
  175  13:06  Zealot x2  
  175  13:09  Zealot  
  159  13:20  Zealot x2  
  159  13:21  Probe x4 (Chrono Boost)  
  159  13:22  Probe (Chrono Boost)  
  163  13:30  Pylon  
  163  13:33  Carrier (Chrono Boost)  
  165  13:39  Probe x2 (Chrono Boost)  
  171  13:47  High Templar x4  
  179  13:51  Archon  
  179  13:52  Archon, Warp Prism  
  177  13:56  High Templar x3  
  177  13:59  High Templar  
  177  14:02  Archon  
  185  14:04  Archon  
  177  14:25  Zealot x6  
  177  14:29  Probe x2  
  191  14:38  Immortal  
  171  14:52  Void Ray x2 (Chrono Boost)  
  140  14:57  Zealot x7  
  140  14:58  Zealot x3  
  150  15:04  Void Ray (Chrono Boost), Protoss Shields Level 1 (Chrono Boost)  
  122  15:19  Void Ray x2 (Chrono Boost)  
  118  15:24  Immortal (Chrono Boost)  
  126  15:31  High Templar x3  
  126  15:32  Protoss Air Armor Level 1 (Chrono Boost), High Templar x2  
  126  15:33  High Templar  
  126  15:34  High Templar x2  
  142  15:38  Archon  
  142  15:39  Archon  
  142  15:40  Archon  
  142  15:54  Void Ray x2  
  142  15:56  Zealot x2  
  131  15:58  Immortal (Chrono Boost)  
  131  16:03  Nexus  
  143  16:04  Pylon  
  143  16:15  Zealot x5  
  143  16:17  High Templar x2  
  157  16:19  High Templar x2  
  157  16:21  Archon  
  157  16:23  Archon  
  157  16:30  Zealot  
  157  16:37  Shield Battery  
  157  16:39  Photon Cannon  
  155  16:49  Zealot x5  

Tags
 
Add a new tag
Caveats
  • Supply blocks, unpowered buildings, or Contaminate may cause inaccurate times.
  • Supply counts are checked every 10 seconds.